 Dungeon Crawl Stone Soup version 0.31.0-11-ge490571c62 (webtiles) character file.

Game seed: 4119076913091745158

2892 BeingJoeMalik the Thaumaturge (level 9, -3/57 HPs)
             Began as a Mummy Necromancer on Jan 28, 2024.
             Was a High Priest of Jiyva.
             Slain by Grum
             ... wielding a +1 spear
              (17 damage)
             ... while paralysed by Psyche
             ... on level 8 of the Dungeon.
             The game lasted 00:23:45 (6043 turns).

BeingJoeMalik the Thaumaturge (Mummy Necromancer)   Turns: 6043, Time: 00:23:45

Health: -3/57      AC:  4    Str: 12    XL:     9   Next: 48%
Magic:  23/23      EV:  2    Int: 18    God:    Jiyva [*****.]
Gold:   201        SH:  0    Dex: 12    Spells: 17/28 levels left

rFire   x . .        h - +2 whip (venom)
rCold   + . .        (no shield)
rNeg    + + +        a - +0 robe
rPois   ∞            g - +1 helmet
rElec   .            (no cloak)
rCorr   +            (no gloves)
SInv    .            (no boots)
Will    .....        (no amulet)
Stlth   ++           f - ring of wizardry
HPRegen 1.73/turn    (no ring)
MPRegen 0.90/turn

%: faith, wizardry (x1)
@: paralysed, weak-willed
A: cold resistance 1, negative energy resistance 3, torment resistance 2, heat
vulnerability 1, in touch with death 1, no potions, faith
a: Renounce Religion, Oozemancy, Slimify


You were on level 8 of the Dungeon.
You worshipped Jiyva.
Jiyva was extremely pleased with you.
You visited 1 branch of the dungeon, and saw 8 of its levels.

You collected 201 gold pieces.

Inventory:

Hand Weapons
 h - a +2 whip of venom (weapon)
Missiles
 c - 4 javelins
Armour
 a - a +0 robe (worn)
 g - a +1 helmet (worn)
Jewellery
 f - a ring of wizardry (left hand)
 k - an amulet of the acrobat
Wands
 j - a wand of paralysis (6)
Scrolls
 b - 2 scrolls of enchant armour
 d - 2 scrolls of identify
 e - a scroll of teleportation
 i - a scroll of brand weapon


   Skills:
 - Level 1.5 Dodging
 - Level 1.5 Stealth
 + Level 10.2 Spellcasting
 * Level 4.3 Conjurations
 + Level 9.7 Necromancy


You had 17 spell levels left.
You knew the following spells:

 Your Spells              Type           Power      Damage    Failure   Level
a - Necrotise             Necr           100%       1d9       1%          1
b - Vampiric Draining     Necr           60%        2d10      1%          3
c - Animate Dead          Necr           60%        N/A       1%          4
d - Magic Dart            Conj           96%        1d7       1%          1
e - Searing Ray           Conj           48%        2d6       1%          2

Your spell library contained the following spells:

 Spells                   Type           Power      Damage    Failure   Level
 Curse of Agony           Necr           60%        N/A       1%          5
 Fulminant Prism          Conj/Alch      8%         3d7       13%         4


Dungeon Overview and Level Annotations

Branches:
Dungeon (8/15)             Temple (0/1) D:6
   Lair: D:8-11

Altars:
Cheibriados
Nemelex Xobeh
Sif Muna
Uskayaw
Yredelemnul
Jiyva

Shops:
D:4 (   D:5 *

Annotations:
D:6 1 runed translucent door, Crazy Yiuf
D:7 3 runed translucent doors, Maggie; dave1331's ghost, novice HOFi
D:8 2 runed translucent doors, exclusion: orange crystal statue, Grum; Psyche


Innate Abilities, Weirdness & Mutations

You are immune to poison.
Your flesh is cold resistant. (rC+)
You are immune to negative energy. (rN+++)
You are immune to unholy pain and torment.
You are vulnerable to heat. (rF-)
You are in touch with the powers of death.
You do not drink.
You have a special connection with the divine. (Faith)


Message History

You hear a slurping noise.
Something hits you.
Casting: Necrotise (safe; 1% risk of failure)
Confirm with . or Enter, or press ? or * to list all spells.
Aiming: Necrotise (safe; 1% risk of failure)
Press: ? - help, Shift-Dir - straight line, f - killer bee, p - Grum
Aim: a killer bee (almost dead, heavily drained, ally target, chance to affect: 90%)
You feel a surge of power!
The killer bee writhes in agony.
You kill the killer bee!
Something hits you.
You suddenly lose the ability to move!
Grum hits you from afar with a +1 spear.
You can move again.
Unknown command.
Casting: Necrotise (safe; 1% risk of failure)
Confirm with . or Enter, or press ? or * to list all spells.
Aiming: Necrotise (safe; 1% risk of failure)
Press: ? - help, Shift-Dir - straight line, f - Grum
Aim: Grum, wielding a +1 spear and wearing a +0 animal skin (chance to affect: 88%)
You feel a surge of power!
Nothing appears to happen.
Something hits you.
Your willpower is stripped away!
Grum barely misses you.
Unknown command.
Casting: Necrotise (safe; 1% risk of failure)
Confirm with . or Enter, or press ? or * to list all spells.
Aiming: Necrotise (safe; 1% risk of failure)
Press: ? - help, Shift-Dir - straight line, f/p - Grum
Aim: Grum, wielding a +1 spear and wearing a +0 animal skin (chance to affect: 88%)
You feel a surge of power!
Nothing appears to happen.
You hear a zap.
You suddenly lose the ability to move!
Grum hits you from afar with a +1 spear.
Something hits you but does no damage. Something hits you.
Something freezes you.
Grum hits you from afar with a +1 spear!!
* * * LOW HITPOINT WARNING * * *
You shudder from the blow and a jelly pops out!
Something hits you.
* * * LOW HITPOINT WARNING * * *
Your rockslime hits something.
Something stumbles backwards!
Grum hits you from afar with a +1 spear!
You die...

#......####+####.# #......#
.....8#.#
#......#.#...#.#.#
#######......#.......#.####
........##.#.#...[...#....#
........##.#.#.......#.....
........##.#.#.#...#.#.....
........##.#.# ... . #.....
...J....##@#.####+####.....
........JZ.Jg..............
........##)##..............
##########)# ..............
#.# .............. ...
.#.....#.....# ...
########<..## .... ###.#
... #)##


You could see Grum (ally target), a neutral jelly (wandering) (fellow slime), a
friendly rockslime (summoned) and a friendly orc warrior zombie.

Vanquished Creatures
  Pikel (D:7)
  A wyvern (D:6)
  2 steam dragons (D:6)
  A water moccasin (D:5)
  Duvessa (D:7)
  An orc warrior (D:8)
  2 black bears (D:7)
  An ice beast (D:6)
  3 ogres
  A kobold brigand (D:5)
  A phantom (D:5)
  A weeping skull (D:4)
  Blork the orc (D:6)
  A bullfrog (D:8)
  A scorpion (D:5)
  A gnoll sergeant (D:6)
  4 killer bees (D:8)
  3 howler monkeys
  A bombardier beetle (D:4)
  2 gnoll boudas
  A hound (D:6)
  2 orc priests
  3 iguanas
  A sleepcap (D:5)
  4 orc wizards
  4 adders
  3 gnolls
  2 ufetubi (D:6)
  3 ribbon worms
  2 dart slugs
  17 orcs
  3 endoplasms (D:1)
  4 giant cockroaches
  6 goblins
  5 hobgoblins
  3 jackals (D:5)
  A quokka (D:3)
  6 ball pythons
  6 bats
  12 frilled lizards
  7 kobolds
  9 rats
134 creatures vanquished.

Vanquished Creatures (collateral kills)
  An ice beast (D:6)
  An ogre (D:7)
  A killer bee (D:8)
  A sleepcap (D:6)
  An orc wizard (D:8)
  A gnoll (D:5)
  An adder (D:5)
  An ufetubus (D:6)
  A dart slug (D:3)
  3 orcs
  An endoplasm (D:2)
  A jackal (D:5)
  A frilled lizard (D:2)
  A rat (D:1)
16 creatures vanquished.

Vanquished Creatures (others)
  A steam dragon (D:6)
  A water moccasin (D:6)
  2 centaurs
  A lemure (D:7)
  2 phantoms (D:5)
  A scorpion (D:5)
  Dowan (D:7)
  18 jellies
  3 hounds
  An orc priest (D:4)
  2 iguanas
  A sleepcap (D:3)
  2 killer bee zombies (D:8)
  An ogre zombie (D:6)
  A hound zombie (D:6)
  An adder (D:4)
  A white imp (D:7)
  An adder zombie (D:6)
  2 elf zombies (D:7)
  A gnoll zombie (D:6)
  2 iguana zombies (D:6)
  An endoplasm (D:3)
  6 orcs
  A giant cockroach (D:3)
  5 hobgoblins
  A frilled lizard (D:1)
  6 orc zombies
  A spectral orc (D:4)
67 creatures vanquished.

Grand Total: 217 creatures vanquished

Notes
Turn   | Place    | Note
-------+----------+-------------------------------------------
     0 | D:1      | BeingJoeMalik the Mummy Necromancer began the quest for the
                  | Orb.
     0 | D:1      | Reached XP level 1. HP: 13/13 MP: 4/4
   379 | D:1      | Reached XP level 2. HP: 19/19 MP: 3/5
   633 | D:1      | Reached skill level 5 in Necromancy
   762 | D:1      | Reached XP level 3. HP: 24/24 MP: 0/7
  1312 | D:2      | Reached XP level 4. HP: 30/30 MP: 5/8
  1319 | D:2      | Learned a level 3 spell: Vampiric Draining
  1324 | D:2      | Learned a level 4 spell: Animate Dead
  1529 | D:2      | Found a faded altar of an unknown god.
  1535 | D:2      | Prayed at the altar of an unknown god.
  1535 | D:2      | Became a worshipper of Jiyva Jaoxez the Shapeless
  1535 | D:2      | Reached * piety under Jiyva
  1787 | D:3      | Reached ** piety under Jiyva
  2755 | D:4      | Reached skill level 3 in Spellcasting
  2755 | D:4      | Reached XP level 5. HP: 29/35 MP: 7/9
  2770 | D:4      | Learned a level 1 spell: Magic Dart
  2964 | D:4      | Found Xaoxi's Antique Weapon Shop.
  3045 | D:4      | Reached *** piety under Jiyva
  3161 | D:4      | Killed a centaur
  3179 | D:4      | Found a shimmering blue altar of Sif Muna.
  3358 | D:4      | Reached skill level 4 in Spellcasting
  3378 | D:4      | Found a basalt altar of Yredelemnul.
  3661 | D:5      | Entered Level 5 of the Dungeon
  3693 | D:5      | Reached skill level 1 in Conjurations
  3693 | D:5      | Reached XP level 6. HP: 41/41 MP: 9/12
  3786 | D:5      | Found Eliuxt's Eclectic Emporium.
  3930 | D:5      | Found a hide-covered altar of Uskayaw.
  3955 | D:5      | Reached skill level 5 in Spellcasting
  4043 | D:5      | Noticed an acid dragon
  4044 | D:5      | Noticed a yak
  4057 | D:5      | Reached XP level 7. HP: 46/46 MP: 11/15
  4060 | D:5      | Learned a level 2 spell: Searing Ray
  4068 | D:5      | Reached **** piety under Jiyva
  4428 | D:6      | Found a sparkling altar of Nemelex Xobeh.
  4440 | D:6      | Found a staircase to the Ecumenical Temple.
  4444 | D:6      | Noticed a steam dragon
  4555 | D:5      | Reached skill level 6 in Spellcasting
  4589 | D:6      | Noticed Blork the orc
  4598 | D:6      | Killed Blork the orc
  4622 | D:6      | Reached skill level 7 in Spellcasting
  4622 | D:6      | Reached XP level 8. HP: 36/52 MP: 16/18
  4801 | D:6      | Reached skill level 8 in Spellcasting
  5149 | D:6      | Reached ***** piety under Jiyva
  5157 | D:5      | Found a snail-covered altar of Cheibriados.
  5220 | D:6      | Found a runed translucent door.
  5221 | D:6      | Noticed Crazy Yiuf
  5533 | D:7      | Noticed Maggie
  5666 | D:7      | Found a runed translucent gate.
  5667 | D:7      | Found a runed translucent gate.
  5669 | D:7      | Found a runed translucent gate.
  5670 | D:7      | Noticed a kobold demonologist
  5672 | D:7      | Noticed dave1331's ghost (novice HOFi)
  5721 | D:7      | Noticed Duvessa
  5721 | D:7      | Noticed Dowan
  5727 | D:7      | Reached skill level 9 in Spellcasting
  5730 | D:7      | Killed Dowan
  5736 | D:7      | Reached XP level 9. HP: 50/57 MP: 20/22
  5742 | D:7      | Killed Duvessa
  5775 | D:7      | Noticed Pikel
  5781 | D:7      | Your ally Dowan died
  5787 | D:7      | Your ally Duvessa died
  5789 | D:7      | Killed Pikel
  5878 | D:8      | Found a runed translucent door.
  5943 | D:8      | Found the +10 tower shield of Ignorance {rN+ Int-4}
  5950 | D:8      | Found a runed translucent door.
  5951 | D:8      | Noticed an orange crystal statue
  6014 | D:8      | Reached skill level 10 in Spellcasting
  6022 | D:8      | Noticed Psyche
  6030 | D:8      | Noticed Grum
  6039 | D:8      | Paralysed by something for 1 turns
  6041 | D:8      | Paralysed by something for 3 turns
  6043 | D:8      | Slain by Grum

Illustrated notes

Levels and vault maps discovered:
D:1:      eino_arrival_cavern_d, layout_loops_ring, nicolae_grassy_gnolls
D:2:      layout_rooms, ebering_ecumenical_altar_hall, minmay_lizard_king
D:3:      layout_rooms
D:4:      layout_basic, yredelemnul_forgotten_temple_becter,
          nicolae_sif_muna_condensation, serial_shops, nicolae_shop_statue_plus
D:5:      layout_loops_ring, nicolae_overflow_hidden_temple, dk_noncrumbling_3,
          nicolae_alphabet_shops, serial_library_hellmonk_semicircle,
          lightli_corner_chamber
D:6:      layout_rooms, nemelex_xobeh_ov_fountains_minmay,
          minmay_temple_entry_stoned_glass, serial_aquarium,
          aquarium_bridge_straight [aquarium_subvault_bridge,
          aquarium_subvault_window, aquarium_subvault_bridge,
          aquarium_subvault_wall], aquarium_bridge_square
          [aquarium_subvault_window, aquarium_subvault_bridge,
          aquarium_subvault_wall, aquarium_subvault_balcony], aquarium_window_2,
          aquarium_window_fake, aquarium_window_1, aquarium_window_corner,
          aquarium_view_2g, aquarium_view_2c, aquarium_balcony_3a,
          hex_intersection, minmay_alternating_orb, uniq_crazy_yiuf_cottage,
          uniq_blork_the_orc
D:7:      layout_basic, gammafunk_ghost_nasty_kobolds,
          chequers_serial_rivers_large_a, uniq_maggie, uniq_pikel,
          uniq_jeremiah, uniq_duvessa
D:8:      layout_rooms, chequers_guarded_unrand_ignorance, uniq_psyche,
          uniq_grum

Skill      XL: |  1  2  3  4  5  6  7  8  9 |
---------------+----------------------------+-----
Necromancy     | 5 6 7 9 |  9.7
Spellcasting   | 3 4 5 7 9 10 | 10.2
Conjurations   | 1 2 3 4 |  4.3
Dodging        | |  1.5
Stealth        | |  1.5

Action                     |  1- 3 |  4- 6 |  7- 9 || total
---------------------------+-------+-------+-------++-------
  Melee: Unarmed           |     8 |       |       ||     8
         Whip              |       |    17 |     1 ||    18
   Cast: Necrotise         |    62 |   109 |   144 ||   315
         Magic Dart        |       |    20 |     2 ||    22
         Searing Ray       |       |       |     9 ||     9
         Animate Dead      |       |       |     3 ||     3
         Vampiric Draining |       |       |     5 ||     5
    Use: Scroll            |       |     3 |     2 ||     5
 Armour: Robe              |    13 |    39 |   132 ||   184
  Dodge: Dodged            |    12 |    33 |    98 ||   143
